AoeStats
← Zero aspettative

Black Forest

510396906Analyzed
3v3 RM · 14h ago on Sep 30, 2026· 80m 30s· 6 players
Game mode
Random Map
Map size
Normal (6 player)
Population
200
Speed
Normal
Resources
Standard
Victory
Conquest
Starting age
Dark Age
Ending age
Imperial Age
RankedLock teamsTeams togetherTeam positionsShared explorationLock speedFull tech treeHidden civsTurbo modeCheats
Victory
Defeat
🇮🇹 Teutons · Italy
1253
+16
🇮🇹 Britons · Italy
1233
+17
🇮🇹 Italians · Italy
1233
+17
🇵🇪 Inca · Peru
1260
-17
🇺🇸 Celts · United States
1258
-17
🇺🇾 Byzantines · Uruguay
1246
-16
Final_Tidus
0:28 Loom
14:49 Feudal Age
30:37 Castle Age
29:39 Double-Bit Axe
30:12 Gold Mining
32:37 Horse Collar
33:00 Fletching
33:48 Bodkin Arrow
38:48 Imperial Age
37:21 Bow Saw
38:04 Stone Mining
38:19 Heavy Plow
40:41 Chemistry
42:46 Bracer
42:47 Padded Archer Armor
43:13 Crossbowman
51:09 Pirotechnia
53:47 Thumb Ring
54:22 Crop Rotation
54:34 Ballistics
56:38 Wheelbarrow
59:54 Hand Cart
59:24 Elite Skirmisher
61:29 Leather Archer Armor
67:05 Town Watch
68:24 Two-Man Saw
77:04 Town Patrol
Zero aspettative
12:19 Feudal Age
13:49 Double-Bit Axe
16:14 Castle Age
14:58 Horse Collar
18:14 Scale Barding Armor
21:48 Forging
22:01 Chain Barding Armor
32:16 Iron Casting
32:54 Wheelbarrow
33:13 Heavy Plow
33:04 Gold Mining
33:25 Bow Saw
35:42 Hand Cart
36:07 Bloodlines
39:56 Imperial Age
40:05 Cavalier
41:11 Conscription
42:01 Plate Barding Armor
42:57 Blast Furnace
42:58 Paladin
48:43 Caravan
52:12 Onager
72:03 Chemistry
74:03 Stone Mining
74:57 Crop Rotation
Knightgenny_ITA
0:52 Loom
12:43 Feudal Age
17:02 Castle Age
15:25 Double-Bit Axe
15:25 Horse Collar
27:15 Imperial Age
25:02 Gold Mining
25:46 Bow Saw
25:36 Fletching
26:22 Bodkin Arrow
26:59 Padded Archer Armor
34:09 Bracer
35:20 Leather Archer Armor
36:54 Two-Man Saw
36:38 Wheelbarrow
37:34 Yeomen
38:19 Elite Longbowman
51:17 Chemistry
53:46 Ballistics
58:00 Ring Archer Armor
61:47 Conscription
65:36 Gold Shaft Mining
79:30 Town Watch
80:01 Hand Cart
80:08 Hand Cart
ׅ
2:07 Loom
10:39 Feudal Age
11:06 Double-Bit Axe
12:01 Wheelbarrow
11:42 Fishing Lines
17:29 Gold Mining
22:38 Castle Age
23:20 Gillnets
25:01 Gold Shaft Mining
24:51 Fortified Wall
24:51 Masonry
28:07 Imperial Age
29:15 Furor Celtica
28:53 Heavy Scorpion
30:37 Ballistics
30:42 Bow Saw
31:51 Chemistry
32:05 Onager
34:08 Hoardings
33:54 Conscription
34:33 Town Watch
36:20 Scale Mail Armor
36:30 Forging
37:32 Stronghold
38:00 Chain Mail Armor
37:14 Siege Onager
38:44 Pikeman
39:10 Arson
40:03 Iron Casting
42:04 Halberdier
43:46 Blast Furnace
43:16 Plate Mail Armor
44:45 Fletching
44:24 Elite Woad Raider
48:01 Bodkin Arrow
50:03 Stone Mining
53:05 Padded Archer Armor
53:11 Scale Barding Armor
70:31 Horse Collar
Execute290
6:35 Loom
9:19 Feudal Age
9:56 Champi Runner
10:55 Arson
15:17 Scale Mail Armor
17:06 Forging
22:22 Castle Age
BOT [Quaa]
0:31 Loom
11:42 Feudal Age
16:59 Castle Age
15:21 Double-Bit Axe
15:36 Horse Collar
17:38 Scale Mail Armor
17:49 Forging
27:11 Wheelbarrow
26:31 Gambesons
26:32 Arson
27:06 Chain Mail Armor
Connection lost

Rejoining the realm…

Still unreachable

The connection could not be restored.

Session expired

The server has moved on; the page needs a fresh start.